 Dungeon Crawl Stone Soup version 0.22.1-2-g9c5b331 (webtiles) character file.

7815 Harpaggios the Transmogrifier (level 11, -5/87 HPs)
             Began as a Merfolk Transmuter on Dec 30, 2018.
             Was an Elder of Wu Jian.
             Slain by a minotaur (17 damage)
             ... in a labyrinth on Dec 31, 2018.
             The game lasted 01:12:38 (15438 turns).

Harpaggios the Transmogrifier (Merfolk Transmuter) Turns: 15438, Time: 01:12:39

Health: -5/87      AC:  4    Str: 17    XL:     11   Next: 21%
Magic:  0/22       EV: 16    Int: 16    God:    Wu Jian [****..]
Gold:   54         SH:  0    Dex: 15    Spells: 10/25 levels left

rFire    . . .     SeeInvis .     - Unarmed
rCold    + . .     Gourm    .   (shield currently unavailable)
rNeg     . . .     Faith    .   b - +0 robe
rPois    .         Spirit   +   m - +2 hat
rElec    .         Reflect  .   c - scarf {Spirit}
rCorr    .         Harm     .   (gloves currently unavailable)
MR       +....                  (no boots)
Stlth    +.........             g - amulet of the acrobat
HPRegen  0.24/turn              u - ring of protection from cold
MPRegen  0.18/turn              (no ring)

@: mighty, blade hands
A: change form in water, swift swim, stealthy swim, blink, magic resistance 1,
strong 1
a: End Transformation, Blink, Wall Jump, Serpent's Lash, Renounce Religion


You were in a labyrinth.
You worshipped Wu Jian.
Wu Jian was greatly pleased with you.
You were not hungry.
You had blades for hands.
You visited 2 branches of the dungeon, and saw 11 of its levels.
You also visited: Labyrinth, Sewer and Ossuary.

You collected 574 gold pieces.
You spent 520 gold pieces at shops.

Inventory:

Missiles
 a - 93 arrows
Armour
 b - a +0 robe (worn)
 c - a scarf of spirit shield (worn)
 m - a +2 hat (worn)
 r - a scarf of cloud immunity
Jewellery
 g - an amulet of the acrobat (around neck)
 u - a ring of protection from cold (left scythe-like blade)
 D - a cursed ring of positive energy
Wands
 e - a wand of scattershot (4)
 y - a wand of disintegration (16)
Scrolls
 f - 6 scrolls of remove curse
 h - 13 scrolls of identify
 j - a scroll of blinking
 p - 2 scrolls of enchant weapon
 s - 2 scrolls of teleportation
 v - a scroll of fog
 w - 2 scrolls of fear
Potions
 i - 4 potions of brilliance
 k - 6 potions of curing
 l - 5 potions of flight
 n - 2 potions of cancellation
 o - 2 potions of haste
 q - a potion of magic
 t - a potion of heal wounds
 x - a potion of agility
Miscellaneous
 z - a lightning rod (inert)
Comestibles
 d - 23 rations


   Skills:
 * Level 8.7 Fighting
 - Level 6.1 Dodging
 + Level 9.3 Unarmed Combat
 * Level 7.6 Spellcasting
 - Level 12.0 Transmutations


You had 10 spell levels left.
You knew the following spells:

 Your Spells              Type           Power        Failure   Level  Hunger
a - Beastly Appendage     Tmut           #####.       7%          1    None
b - Sticks to Snakes      Tmut           #####...     8%          2    None
c - Spider Form           Tmut/Pois      ####......   26%         3    ##.....
d - Blade Hands           Tmut           #####.....   22%         5    #####..
e - Ice Form              Ice/Tmut       ####....     45%         4    ####...

Your spell library contained the following spells:

 Spells                   Type           Power        Failure   Level  Hunger


Dungeon Overview and Level Annotations

Branches:
Dungeon (10/15)            Temple (0/1) D:7            Lair (1/6) D:10
    Orc (0/2) D:9

Altars:
Gozag
Hepliaklqana
Qazlal
Wu Jian
Xom

Shops:
D:9 }   D:10 *

Annotations:
D:10 Store


Innate Abilities, Weirdness & Mutations

You revert to your normal form in water.
You are very nimble and swift while swimming.
You are very stealthy in the water. (Stealth+)
You can translocate small distances at will.
You are resistant to hostile enchantments. (MR+)
Your muscles are strong. (Str +2)


Message History

The minotaur hits you!!
* * * LOW HITPOINT WARNING * * *
The minotaur gores you.
* * * LOW HITPOINT WARNING * * *
You feel much better. The minotaur hits you. The minotaur gores you!
* * * LOW HITPOINT WARNING * * *
You slice the minotaur!!
The minotaur is heavily wounded.
You shred the minotaur!!!
The minotaur is almost dead.
The minotaur hits you!!
* * * LOW HITPOINT WARNING * * *
The minotaur misses you.
You feel much better. The minotaur completely misses you.
The minotaur gores you!
* * * LOW HITPOINT WARNING * * *
You hit the minotaur but do no damage.
The minotaur is almost dead.
The minotaur hits you!!
You die...

# # # #.. .
## # # #.# #
#####.##### .
.......H.# ..
. #
###.#.#@#.#
#. . #...
.#.#.# ..#.
###.#####.##
# #.
.#.......#...
. # #
#####.#####
#. ... . ....
. # ## . # #
### # #.. ..
#<# ###.#.# #


You could see a minotaur.

Vanquished Creatures
  Sonja (D:10)
  A centaur zombie (D:10)
  Psyche (D:9)
  A queen bee (D:9)
  4 yaks (D:10)
  A hungry ghost (D:9)
  3 wargs (D:10)
  A water moccasin (D:8)
  A sky beast (D:9)
  4 ice beasts
  Duvessa (D:5)
  2 phantoms
  3 ogres
  4 centaurs
  2 big kobolds (D:10)
  6 bullfrogs
  A gnoll sergeant (D:10)
  A wyvern skeleton (D:10)
  Dowan (D:5)
  13 killer bees (D:9)
  4 howler monkeys
  A crimson imp (D:7)
  5 hounds
  A quasit (D:8)
  A bullfrog zombie (D:5)
  2 orc priests
  2 jellies
  2 bullfrog skeletons (D:7)
  3 centaur skeletons
  6 orc wizards
  4 iguanas
  Jessica (D:3)
  3 worker ants
  Ijyb (D:5)
  A killer bee zombie (D:5)
  A hound zombie (D:7)
  A hound skeleton (D:7)
  14 mummies
  A worker ant zombie (D:6)
  3 gnolls (D:10)
  10 adders
  2 river rats (D:6)
  2 shadow imps (D:8)
  2 adder skeletons
  5 worms
  2 dart slugs
  3 leopard geckos
  27 orcs
  6 bats
  6 giant cockroaches
  10 goblins
  11 hobgoblins
  20 jackals
  20 kobolds
  3 quokkas
  8 ball pythons
  4 frilled lizards
  2 gnoll skeletons (Ossuary)
  5 goblin skeletons (Ossuary)
  A hobgoblin zombie (D:5)
  An orc skeleton (Ossuary)
  A quokka skeleton (D:8)
  6 rats
  11 rat skeletons (Ossuary)
  3 plants (Sewer)
280 creatures vanquished.

Vanquished Creatures (collateral kills)
  A two-headed ogre (D:9)
  Pikel (D:9)
  A hungry ghost (D:10)
  A sky beast (D:5)
  An ice beast (D:9)
  A black bear (D:8)
  2 ogres
  A phantom (D:7)
  A scorpion (D:8)
  A killer bee (D:9)
  A jelly (D:10)
  An orc priest (D:7)
  2 worker ants
  An adder (D:10)
  An adder zombie (D:9)
  A dart slug (D:5)
  3 jackals (D:2)
  2 bats (D:3)
  A kobold zombie (D:5)
24 creatures vanquished.

Vanquished Creatures (others)
  A slave (D:9)
1 creature vanquished.

Grand Total: 305 creatures vanquished

Notes
Turn   | Place    | Note
-------+----------+-------------------------------------------
     0 | D:1      | Harpaggios the Merfolk Transmuter began the quest for the
                  | Orb.
     0 | D:1      | Reached XP level 1. HP: 15/15 MP: 3/3
   223 | D:1      | Reached skill level 3 in Transmutations
   234 | D:1      | Reached XP level 2. HP: 19/21 MP: 5/5
   527 | D:1      | Learned a level 2 spell: Sticks to Snakes
   709 | D:1      | Reached XP level 3. HP: 26/26 MP: 1/6
   847 | D:1      | Gained mutation: You are frail. (-10% HP) [potion of
                  | mutation]
   847 | D:1      | Gained mutation: Your muscles are strong. (Str +2) [potion
                  | of mutation]
   847 | D:1      | Gained mutation: You can translocate small distances at
                  | will. [potion of mutation]
  1514 | D:2      | Found a hazy altar of Hepliaklqana.
  1516 | D:2      | Found a deep blue altar of Sif Muna.
  1516 | D:2      | Found a basalt altar of Yredelemnul.
  1518 | D:2      | Found a shimmering altar of Xom.
  1518 | D:2      | Found a blossoming altar of Fedhas.
  1518 | D:2      | Found a bloodstained altar of Trog.
  2151 | D:2      | Reached skill level 4 in Transmutations
  2472 | D:3      | Reached XP level 4. HP: 11/29 MP: 1/7
  2827 | D:3      | Learned a level 3 spell: Spider Form
  3057 | D:3      | Lost mutation: Your muscles are strong. (Str +2) [potion of
                  | mutation]
  3057 | D:3      | Lost mutation: You are frail. (-10% HP) [potion of
                  | mutation]
  3057 | D:3      | Gained mutation: Your muscles are strong. (Str +2) [potion
                  | of mutation]
  3057 | D:3      | Gained mutation: You are resistant to hostile enchantments.
                  | (MR+) [potion of mutation]
  3214 | D:3      | Reached XP level 5. HP: 39/39 MP: 8/8
  3422 | D:3      | Noticed Jessica
  3431 | D:3      | Killed Jessica
  3546 | D:3      | Found an ornate altar of the Wu Jian Council.
  3727 | D:3      | Became a worshipper of the Wu Jian Council
  3893 | D:4      | Noticed an ogre
  3913 | D:4      | Killed an ogre
  3913 | D:4      | Reached skill level 5 in Transmutations
  4110 | D:4      | Noticed an ogre
  4120 | D:4      | Killed an ogre
  4120 | D:4      | Reached XP level 6. HP: 47/47 MP: 1/9
  4592 | D:5      | Entered Level 5 of the Dungeon
  4617 | D:5      | Reached skill level 6 in Transmutations
  4665 | D:5      | Noticed a phantom
  4667 | D:5      | Noticed Ijyb
  4691 | D:5      | Killed Ijyb
  4726 | D:5      | HP: 2/47 [phantom (5)]
  5029 | D:5      | Noticed a sky beast
  5057 | D:5      | Killed a sky beast
  5057 | D:5      | Reached XP level 7. HP: 7/52 MP: 1/10
  5084 | D:5      | Found a sand-covered staircase.
  5142 | Ossuary  | Entered an ossuary
  5374 | Ossuary  | Reached * piety under Wu Jian
  5415 | Ossuary  | Reached skill level 5 in Dodging
  6011 | Ossuary  | Reached skill level 5 in Unarmed Combat
  6074 | Ossuary  | Reached skill level 7 in Transmutations
  6263 | D:5      | Noticed Duvessa
  6263 | D:5      | Noticed Dowan
  6653 | D:5      | Killed Dowan
  6695 | D:5      | Killed Duvessa
  6695 | D:5      | Reached XP level 8. HP: 27/60 MP: 1/11
  6998 | D:5      | Reached skill level 8 in Transmutations
  7250 | D:6      | Reached ** piety under Wu Jian
  7274 | D:6      | Found a glowing drain.
  7331 | Sewer    | Entered a sewer
  8110 | D:6      | Found an opulent altar of Gozag.
  8195 | D:6      | Learned a level 5 spell: Blade Hands
  8271 | D:6      | You fall through a shaft for 2 floors!
  8555 | D:7      | Reached skill level 5 in Fighting
  8642 | D:7      | Reached skill level 9 in Transmutations
  8892 | D:7      | Reached *** piety under Wu Jian
  8963 | D:7      | Found a hazy altar of Hepliaklqana.
  8990 | D:7      | Reached XP level 9. HP: 59/68 MP: 10/13
  9469 | D:7      | Reached skill level 10 in Transmutations
  9510 | D:7      | Found a staircase to the Ecumenical Temple.
 11186 | D:9      | Reached **** piety under Wu Jian
 11198 | D:9      | Reached skill level 11 in Transmutations
 11237 | D:9      | Noticed a queen bee
 11257 | D:9      | Killed a queen bee
 11325 | D:9      | Reached XP level 10. HP: 32/77 MP: 9/16
 11337 | D:9      | Noticed a two-headed ogre
 11676 | D:9      | Found a stormy altar of Qazlal.
 11685 | D:9      | Found a staircase to the Orcish Mines.
 11722 | D:9      | Killed a two-headed ogre
 11748 | D:9      | Found Rijergho's Gadget Boutique.
 11757 | D:9      | Bought a lightning rod (4/4) for 520 gold pieces
 11767 | D:9      | Reached skill level 12 in Transmutations
 11768 | D:9      | Noticed Psyche
 11908 | D:9      | Reached skill level 5 in Spellcasting
 12308 | D:9      | Noticed Pikel
 12319 | D:9      | Killed Pikel
 12648 | D:9      | Killed Psyche
 12732 | D:10     | Entered Level 10 of the Dungeon
 12732 | D:10     | Found a staircase to the Lair.
 12906 | D:10     | Found Xem Coic's General Store.
 13456 | D:10     | Learned a level 4 spell: Ice Form
 13488 | D:10     | Reached XP level 11. HP: 38/87 MP: 10/21
 13849 | D:10     | Noticed Sonja
 13867 | D:10     | Killed Sonja
 14608 | Lair:1   | Entered Level 1 of the Lair of Beasts
 14694 | Lair:1   | Found a labyrinth entrance.
 14762 | Lab      | Entered a labyrinth
 15379 | Lab      | Noticed a minotaur
 15436 | Lab      | HP: 1/87 [minotaur (20)]
 15438 | Lab      | Slain by a minotaur

Skill      XL: |  1  2  3  4  5  6  7  8  9 10 11 |
---------------+----------------------------------+-----
Transmutations | 3 4 5 6 7 9 11 12 | 12.0
Dodging        | 3 4 5 6 |  6.1
Fighting       | 2 3 4 5 6 8 |  8.7
Unarmed Combat | 4 5 6 7 9 |  9.3
Spellcasting   | 4 6 7 |  7.6

Action                   |  1- 3 |  4- 6 |  7- 9 | 10-12 || total
-------------------------+-------+-------+-------+-------++-------
Melee: Unarmed           |   162 |   170 |   779 |   268 ||  1379
       Headbutt          |     9 |    18 |    96 |    16 ||   139
       Punch             |     1 |     1 |    17 |     5 ||    24
       Tailslap          |       |       |    16 |       ||    16
 Cast: Beastly Appendage |    19 |    13 |    53 |    14 ||    99
       Sticks to Snakes  |     4 |    19 |    29 |    31 ||    83
       Spider Form       |       |       |     1 |    15 ||    16
       Blade Hands       |       |       |     1 |     4 ||     5
       Ice Form          |       |       |       |     3 ||     3
Invok: Lunge             |       |     2 |    45 |    20 ||    67
       Whirlwind         |       |       |     6 |     4 ||    10
       Wall Jump         |       |       |     6 |     4 ||    10
       Serpent's Lash    |       |       |       |     1 ||     1
 Abil: Blink             |     1 |       |       |     5 ||     6
       End Transformatio |       |       |       |     1 ||     1
Evoke: Wand              |       |       |     1 |       ||     1
       Lightning rod     |       |       |       |     5 ||     5
  Use: Scroll            |     3 |     3 |     6 |     6 ||    18
       Potion            |     1 |     8 |     2 |     4 ||    15
 Stab: Sleeping          |       |     2 |     5 |       ||     7
       Distracted        |       |     1 |     3 |       ||     4
  Eat: Chunk             |     4 |    11 |    13 |    14 ||    42
       Ration            |       |       |     3 |     1 ||     4
Armor: Robe              |    26 |    23 |    58 |    10 ||   117
       Skin              |       |     3 |       |     4 ||     7
Dodge: Dodged            |   103 |   125 |   433 |   188 ||   849
